 Dungeon Crawl Stone Soup version 0.28-a0-1130-gc51a68064b (webtiles) character file.

Game seed: 17223864970421344021

3690 septik the Severer (level 9, -2/70 HPs)
             Began as a Minotaur Berserker on Dec 12, 2021.
             Was an Elder of Trog.
             Succumbed to Harold's poison
             ... on level 8 of the Dungeon.
             The game lasted 00:16:26 (7697 turns).

septik the Severer (Minotaur Berserker)             Turns: 7697, Time: 00:16:27

Health: -2/70      AC: 14    Str: 27    XL:     9   Next: 90%
Magic:  8/8        EV: 15    Int:  7    God:    Trog [****..]
Gold:   582        SH:  0    Dex:  9    Spells: 8/8 levels left

rFire   . . .      SeeInvis .   a - +3 war axe (elec)
rCold   . . .      Faith    .   (no shield)
rNeg    . . .      Spirit   .   f - +3 ring mail
rPois   .          Reflect  .   E - +0 hat "Upavor" {Int+3}
rElec   .          Harm     .   O - +0 cloak
rCorr   .          Rampage  .   y - +0 pair of gloves
Will    ++...                   (no boots)
Stlth   ..........              (no amulet)
HPRegen 1.21/turn               D - +4 ring of protection
MPRegen 0.11/turn               G - +4 ring of evasion

@: lethally poisoned (-2 -> -26), strong-willed (expiring), on berserk cooldown,
regenerating (expiring), slowed, very slow
A: horns 2, retaliatory headbutt
a: Renounce Religion, Berserk, Trog's Hand, Brothers in Arms


You were on level 8 of the Dungeon.
You worshipped Trog.
Trog was greatly pleased with you.
You visited 1 branch of the dungeon, and saw 8 of its levels.
You also visited: Sewer and Bailey.

You collected 582 gold pieces.

Inventory:

Hand Weapons
 a - a +3 war axe of electrocution (weapon)
 b - a +0 hunting sling
 n - a +1 whip of electrocution
 I - a +1 hand axe
Missiles
 g - 46 poisoned darts (quivered)
 m - 156 stones
 s - 5 boomerangs
 u - 4 throwing nets
Armour
 f - a +3 ring mail (worn)
 l - a +0 chain mail
 w - a scarf of harm
 y - a +0 pair of gloves (worn)
 E - the +0 hat "Upavor" (worn) {Int+3}
   (You found it on level 7 of the Dungeon)

   Int:       It affects your intelligence (+3).
 O - a +0 cloak (worn)
Jewellery
 r - a +6 ring of intelligence
 x - a +6 ring of intelligence
 D - a +4 ring of protection (left hand)
 F - a ring of resist corrosion
 G - a +4 ring of evasion (right hand)
Wands
 v - a wand of paralysis (4)
 M - a wand of digging (5)
Scrolls
 c - 2 scrolls of enchant weapon
 e - 2 scrolls of fog {unknown}
 j - 2 scrolls of noise
 t - 6 scrolls of teleportation
 B - 2 scrolls of immolation
 K - a scroll of amnesia {unknown}
 L - a scroll of enchant armour
Potions
 d - 4 potions of curing
 h - a potion of resistance
 i - 3 potions of flight
 k - 2 potions of ambrosia
 o - 3 potions of might
 p - 2 potions of degeneration {unknown}
 q - a potion of berserk rage
 z - a potion of mutation {unknown}
 A - a potion of brilliance {unknown}
 C - a potion of heal wounds {unknown}
 H - a potion of haste {unknown}
 N - a potion of magic {unknown}


   Skills:
 - Level 3.6 Fighting
 + Level 16.8 Axes
 - Level 2.4 Armour
 - Level 2.1 Dodging


You had 8 spell levels left.
You didn't know any spells.
Your spell library was empty.

Dungeon Overview and Level Annotations

Branches:
Dungeon (8/15)             Temple (0/1) D:4           Sewer (visited)
 Bailey (visited)
   Lair: D:8-11

Altars:
Cheibriados
Dithmenos
Nemelex Xobeh
Ru
Sif Muna
Uskayaw
Xom
Yredelemnul
Zin
The Shining One


Innate Abilities, Weirdness & Mutations

You have a pair of horns on your head.
You reflexively headbutt those who attack you in melee.


Message History

You are poisoned.
Harold hits you with a +2 hand axe of venom.
You are more poisoned.
You shred the net and break free!
You feel extremely sick. Harold completely misses you.
You slash Harold!
Harold is moderately wounded.
You feel the effects of Trog's Hand fading.
You feel very sick.
Harold hits you with a +2 hand axe of venom!
You are more poisoned.
You hit Harold. Lightning courses through Harold! Your headbutt misses Harold.
Harold is moderately wounded.
You feel very sick.
Harold hits you with a +2 hand axe of venom.
You are more poisoned.
Harold barely misses you. You furiously retaliate!
You headbutt Harold. You barely miss Harold.
Harold is heavily wounded.
You feel very sick.
Harold hits you with a +2 hand axe of venom!
* * * LOW HITPOINT WARNING * * *
You are lethally poisoned!
You slice Harold!!
Harold is severely wounded.
* * * LOW HITPOINT WARNING * * *
You feel extremely sick. Harold closely misses you.
You slash Harold!
Harold is almost dead.
* * * LOW HITPOINT WARNING * * *
You feel extremely sick. Harold hits you but does no damage.
You are more poisoned.
You slice Harold!!
You kill Harold!
Trog accepts your kill.
Trog appreciates your killing of a magic user.
You die...

#...# #.##.# .#
#...# # #.# .# #...#
#.. .. #...# #.# #.
#...# .##.#
#.#####...#####.[...
#.(..(...........###
#................###
#..@.............#..
#.)####>..####.###.#
#.. #...# #.# #..
.... #..)# #.# #..
..... #...# ##.###..
#..#.##
##..[###...###.
#..#.
#.....#.....##. ..
#. #..............
#.#..........#.


There were no monsters in sight!

Vanquished Creatures
  Harold (D:8)
  A two-headed ogre (D:4)
  Maurice (D:8)
  Maggie (D:7)
  A wraith (D:6)
  Menkaure (D:4)
  A water moccasin (D:6)
  Duvessa (D:4)
  An orc warrior (D:7)
  An ice beast (D:6)
  A necrophage (D:4)
  3 centaurs
  A kobold brigand (Sewer)
  A bullfrog (D:7)
  2 gnoll sergeants (D:7)
  2 scorpions
  Dowan (D:4)
  A water moccasin skeleton (D:3)
  The ghost of Gruesome the Stinger, a weakling DsVM of Dithmenos (D:3)
  A bullfrog zombie (D:5)
  A jelly (D:7)
  4 hounds
  3 orc priests (D:4)
  Natasha (twice) (D:2)
  Ijyb (D:5)
  2 iguanas
  An orc wizard (D:7)
  A scorpion zombie (D:5)
  A killer bee zombie (D:8)
  2 hound skeletons
  Robin (D:3)
  6 adders
  16 gnolls
  3 howler monkey skeletons
  2 white imps
  An ufetubus (D:4)
  An adder skeleton (D:4)
  A worm (D:2)
  A dart slug (D:1)
  21 orcs
  9 ball pythons
  10 endoplasms
  3 giant cockroaches
  26 goblins
  8 hobgoblins
  6 jackals
  12 kobolds
  3 quokkas
  4 bats
  3 frilled lizards
  11 rats
190 creatures vanquished.

Vanquished Creatures (collateral kills)
  A black bear (D:7)
1 creature vanquished.

Vanquished Creatures (others)
  2 orcs (Bailey)
2 creatures vanquished.

Grand Total: 193 creatures vanquished

Notes
Turn   | Place    | Note
-------+----------+-------------------------------------------
     0 | D:1      | septik the Minotaur Berserker began the quest for the Orb.
     0 | D:1      | Reached XP level 1. HP: 19/19 MP: 0/0
    62 | D:1      | Reached skill level 4 in Axes
   317 | D:1      | Reached XP level 2. HP: 22/26 MP: 1/1
   737 | D:1      | Reached skill level 5 in Axes
   953 | D:2      | Reached XP level 3. HP: 31/31 MP: 2/2
   954 | D:2      | Reached ** piety under Trog
  1114 | D:2      | Found a faded altar of an unknown god.
  1133 | D:2      | Noticed Natasha
  1139 | D:2      | Killed Natasha
  1141 | D:2      | Reached skill level 6 in Axes
  1141 | D:2      | Reached XP level 4. HP: 39/39 MP: 3/3
  1533 | D:2      | Noticed Natasha
  1537 | D:2      | Killed Natasha
  1943 | D:3      | Found a transporter.
  1943 | D:3      | Noticed Gruesome's ghost (weakling DsVM)
  1977 | D:3      | Found a shadowy altar of Dithmenos.
  2037 | D:3      | Noticed Robin
  2042 | D:3      | Killed Robin
  2043 | D:3      | Reached XP level 5. HP: 42/45 MP: 4/4
  2048 | D:3      | Reached skill level 7 in Axes
  2092 | D:3      | Found a glowing drain.
  2101 | Sewer    | Entered a sewer
  2245 | Sewer    | Reached skill level 8 in Axes
  2347 | Sewer    | Found a white marble altar of Elyvilon.
  2448 | D:3      | Reached *** piety under Trog
  2576 | D:3      | Reached XP level 6. HP: 47/51 MP: 5/5
  2725 | D:3      | Found a transporter.
  3068 | D:3      | Killed Gruesome's ghost
  3153 | D:4      | Reached skill level 9 in Axes
  3253 | D:4      | Noticed Duvessa
  3253 | D:4      | Noticed Dowan
  3295 | D:4      | Killed Duvessa
  3296 | D:4      | Reached XP level 7. HP: 57/57 MP: 6/6
  3305 | D:4      | Killed Dowan
  3306 | D:4      | Reached skill level 10 in Axes
  3684 | D:4      | Noticed a two-headed ogre
  3691 | D:4      | Killed a two-headed ogre
  3692 | D:4      | Reached skill level 12 in Axes
  3692 | D:4      | Reached XP level 8. HP: 64/64 MP: 7/7
  3830 | D:4      | Reached **** piety under Trog
  3876 | D:4      | Found a staircase to the Ecumenical Temple.
  3895 | D:4      | Noticed Menkaure
  3903 | D:4      | Killed Menkaure
  3904 | D:4      | Reached skill level 13 in Axes
  4322 | D:5      | Entered Level 5 of the Dungeon
  4322 | D:5      | Noticed Ijyb
  4328 | D:5      | Killed Ijyb
  4874 | D:5      | Reached skill level 14 in Axes
  5021 | D:5      | Found a shimmering blue altar of Sif Muna.
  5299 | D:6      | Found a glowing silver altar of Zin.
  5357 | D:6      | Found a sacrificial altar of Ru.
  5383 | D:6      | Reached XP level 9. HP: 64/70 MP: 8/8
  5410 | D:6      | Found a hide-covered altar of Uskayaw.
  5693 | D:6      | Found a glowing golden altar of the Shining One.
  5774 | D:7      | Reached skill level 15 in Axes
  5834 | D:7      | Found a shimmering altar of Xom.
  6020 | D:7      | Identified the +0 hat "Upavor" {Int+3}
  6074 | D:7      | Found a flagged portal.
  6085 | Bailey   | Entered a bailey
  6137 | Bailey   | HP: 2/70 [centaur (3)]
  6142 | Bailey   | HP: 1/70 [centaur/javelin (2)]
  6441 | D:7      | Noticed Maggie
  6456 | D:7      | Killed Maggie
  6457 | D:7      | Reached skill level 16 in Axes
  6843 | D:7      | Found a snail-covered altar of Cheibriados.
  6843 | D:7      | Found a basalt altar of Yredelemnul.
  7357 | D:7      | Found a sparkling altar of Nemelex Xobeh.
  7607 | D:8      | Noticed Maurice
  7615 | D:8      | Killed Maurice
  7680 | D:8      | Noticed Harold
  7697 | D:8      | Killed Harold
  7697 | D:8      | Succumbed to Harold's poison

Illustrated notes

Levels and vault maps discovered:
D:1:      roderic_crossed_star, layout_rooms
D:2:      minmay_kobold_bridge, layout_loops_ring,
          shapermc_ecumenical_altar_mp_highgroup,
          chequers_serial_rivers_small_b, wad_floor_pattern_1, uniq_natasha
D:3:      layout_loops_ring, amcnicky_altar_gilded, gammafunk_ghost_arena,
          portal_sewer_entry_d, uniq_robin
D:4:      layout_loops_ring, temple_statues, uniq_duvessa, uniq_menkaure
D:5:      layout_loops_corners, kennysheep_mini_moat, uniq_ijyb
D:6:      layout_rooms, zin_statuary, mainiacjoe_overflow_catwalk_spiral,
          tso_oasis_becter, minivault_1
D:7:      layout_gridville, mainiacjoe_overflow_divided_tiny,
          mainiacjoe_overflow_swirl, enter_bailey_3, uniq_maggie
D:8:      layout_loops_cross, minivault_1, uniq_maurice, uniq_harold

Skill      XL: |  1  2  3  4  5  6  7  8  9 |
---------------+----------------------------+-----
Axes           | 4 5 6 8 9 12 14 16 | 16.8
Fighting       | |  3.6
Armour         | |  2.4
Dodging        | |  2.1

Action                   |  1- 3 |  4- 6 |  7- 9 || total
-------------------------+-------+-------+-------++-------
Melee: Hand axe          |    64 |    26 |       ||    90
       Headbutt          |     9 |    23 |    44 ||    76
       Whip              |       |   133 |   208 ||   341
       War axe           |       |       |    33 ||    33
Invok: Trog's Hand       |     1 |     1 |     4 ||     6
       Berserk           |       |     4 |     6 ||    10
  Use: Scroll            |       |     2 |     6 ||     8
       Potion            |       |       |     9 ||     9
Armor: Animal skin       |     4 |       |       ||     4
       Ring mail         |    17 |    47 |    83 ||   147
Dodge: Dodged            |    39 |    68 |   218 ||   325

Table legend: (Time is in decaauts)
 A = Elapsed time spent in this place.
 B = Non-inter-level travel time spent in this place.
 C = Inter-level travel time spent in this place.
 D = Time resting spent in this place.
 E = Time spent auto-exploring this place.
 F = Levels seen in this place.
 G = Mean time per level.
                   A        B        C        D        E       F      G
               +--------+--------+--------+--------+--------+-----+--------+
         Total |   7732 |   7428 |    304 |    624 |   5282 |  10 |  773.2 |
       Dungeon |   7323 |   7019 |    304 |    563 |   5068 |   8 |  915.4 |
         Sewer |    322 |    322 |      0 |     61 |    213 |   1 |  322.0 |
        Bailey |     86 |     86 |      0 |      0 |      0 |   1 |   86.0 |
               +--------+--------+--------+--------+--------+-----+--------+

Top non-repeatable levels by time:
     D:7: 1590 daAuts
     D:4: 1117 daAuts
     D:3: 1079 daAuts
     D:1: 980 daAuts
     D:5: 938 daAuts
     D:2: 890 daAuts
     D:6: 457 daAuts
   Sewer: 322 daAuts
     D:8: 268 daAuts
  Bailey: 86 daAuts
